 Dungeon Crawl Stone Soup version 0.29-a0-409-gd843f3a (webtiles) character file.

Game seed: 9282067464177069874

1045 Illumine the Bolt Thrower (level 7, -1/60 HPs)
             Began as a Demigod Hunter on May 12, 2022.
             Slain by a sky beast (6 damage)
             ... on level 5 of the Dungeon.
             The game lasted 00:06:37 (4392 turns).

Illumine the Bolt Thrower (Demigod Hunter)          Turns: 4392, Time: 00:06:38

Health: -1/60      AC:  3    Str: 12    XL:     7   Next: 75%
Magic:  9/9        EV: 15    Int: 11    God:
Gold:   321        SH:  0    Dex: 25    Spells: 6/6 levels left

rFire   . . .      SeeInvis .   b - +1 falchion (vamp)
rCold   . . .      Faith    .   (no shield)
rNeg    . . .      Spirit   .   v - +0 leather armour
rPois   .          Reflect  .   (no helmet)
rElec   .          Harm     .   (no cloak)
rCorr   .          Rampage  .   (no gloves)
Will    .....                   (no boots)
Stlth   ++........              q - amulet of regeneration
HPRegen 1.00/turn               (no ring)
MPRegen 0.11/turn               (no ring)

@: no status effects
A: high MP 1, forlorn, divine attributes
a: no special abilities


You were on level 5 of the Dungeon.
You visited 1 branch of the dungeon, and saw 6 of its levels.

You collected 321 gold pieces.

Inventory:

Hand Weapons
 a - a +1 hand crossbow
 b - a +1 vampiric falchion (weapon)
 j - a +2 vorpal flail
Armour
 v - a +0 leather armour (worn)
Jewellery
 k - an amulet of guardian spirit
 q - an amulet of regeneration (around neck)
Wands
 r - a wand of polymorph (11)
 u - a wand of iceblast (3)
Scrolls
 c - a scroll of immolation
 e - a scroll of enchant armour
 g - 3 scrolls of poison {unknown}
 i - 2 scrolls of fog
 l - a scroll of enchant weapon {unknown}
 n - a scroll of magic mapping {unknown}
 o - a scroll of torment {unknown}
 s - 2 scrolls of summoning {unknown}
 t - a scroll of silence {unknown}
Potions
 d - 2 potions of attraction
 f - 2 potions of flight
 h - a potion of haste {unknown}
 m - 3 potions of brilliance
 p - a potion of curing {unknown}
 w - a potion of degeneration {unknown}


   Skills:
 + Level 4.5 Fighting
 + Level 0.1 Long Blades
 * Level 7.1 Crossbows
 + Level 4.5 Dodging
 - Level 0.8 Stealth


You had 6 spell levels left.
You didn't know any spells.
Your spell library contained the following spells:

 Spells                   Type           Power      Damage    Failure   Level
 Sandblast                Erth           0%         2d4       41%         1
 Passwall                 Tmut/Erth      0%         N/A       56%         2
 Dazzling Flash           Conj/Hex       0%         N/A       80%         3
 Stone Arrow              Conj/Erth      0%         3d7       80%         3
 Agony                    Necr           0%         N/A       100%        5
 Silence                  Hex/Air        0%         N/A       100%        5


Dungeon Overview and Level Annotations

Branches:
Dungeon (6/15)             Temple (0/1) D:4

Shops:
D:6 (?

Annotations:
D:4 2 runed translucent doors, Radamante's ghost, amateur MiFi


Innate Abilities, Weirdness & Mutations

You have an increased reservoir of magic. (+10% MP)
You shall have no god before yourself.
Your divine heritage dramatically boosts your attributes as you level up.


Message History

The sky beast misses you.
You closely miss the sky beast.
The sky beast is lightly wounded.
The sky beast hits you. The sky beast shocks you.
You slash the sky beast!
The sky beast is heavily wounded.
The sky beast hits you. The sky beast shocks you. The sky beast hits you.
The sky beast shocks you.
You hit the sky beast.
You feel better.
The sky beast is severely wounded.
The sky beast flickers out of sight!
Deactivating autopickup; reactivate with Ctrl-A.
Something hits you. Something shocks you.
You miss something. Something hits you. Something shocks you.
You barely miss something. Something hits you. Something shocks you.
Something barely misses you. Something barely misses you.
You climb upwards.
Reactivating autopickup.
There is a stone staircase leading down here.
Deactivating autopickup; reactivate with Ctrl-A.
You barely miss something. Something hits you. Something shocks you.
* * * LOW HITPOINT WARNING * * *
Unknown command.
You miss something. Something hits you.
* * * LOW HITPOINT WARNING * * *
Something shocks you.
* * * LOW HITPOINT WARNING * * *
Unknown command.
Something hits you but does no damage. Something hits you but does no damage.
Something hits you.
* * * LOW HITPOINT WARNING * * *
Something shocks you.
* * * LOW HITPOINT WARNING * * *
Something barely misses you. Something hits you.
* * * LOW HITPOINT WARNING * * *
Something shocks you.
You die...

######### ##.#."...##.......#
........# ##..#..............#
#.......####..##....##).......#
##......##...#########.รท......#
.#......##.### #........#
.##.#.##..>.# ##)###.###
....#.#.....##### #..##..##
.#..............########..##..##
.##....#....###.@.........###..#
##.....#....#####.........####.#
#...##........###...........##.#
.#..###.....#.<##.........#.##.#
.#..........##.##.........#..#.#
....####..#..#.##.........##...#
....####.......#..........###..##
#..........)..............# #...#
.............#...########## #.#.#


There were no monsters in sight!

Vanquished Creatures
  Grinder (D:3)
  Pargi (D:4)
  A sky beast (D:6)
  A necrophage (D:5)
  3 scorpions
  2 howler monkeys (D:5)
  An orc priest (D:4)
  2 hounds
  A jelly (D:5)
  An iguana (D:6)
  2 orc wizards
  An adder (D:5)
  7 gnolls
  2 white imps
  A dart slug (D:1)
  10 orcs
  7 bats
  2 endoplasms (D:1)
  3 giant cockroaches
  3 goblins
  6 hobgoblins
  5 quokkas
  12 ball pythons
  4 frilled lizards
  4 kobolds
  7 rats
90 creatures vanquished.

Notes
Turn   | Place    | Note
-------+----------+-------------------------------------------
     0 | D:1      | Illumine the Demigod Hunter began the quest for the Orb.
     0 | D:1      | Reached XP level 1. HP: 17/17 MP: 3/3
   216 | D:1      | Reached XP level 2. HP: 24/24 MP: 4/4
   619 | D:1      | Reached skill level 4 in Crossbows
   620 | D:1      | You fall into a shaft and drop 1 floor!
   881 | D:2      | Reached XP level 3. HP: 29/29 MP: 5/5
  1220 | D:3      | Reached XP level 4. HP: 22/37 MP: 4/6
  1401 | D:3      | Noticed Grinder
  1678 | D:3      | Identified the +0 helmet "Ataygaet" {Str+4 Dex+2}
  2013 | D:4      | Reached skill level 5 in Crossbows
  2013 | D:4      | Reached XP level 5. HP: 25/45 MP: 5/7
  2225 | D:4      | Found a staircase to the Ecumenical Temple.
  2389 | D:4      | Found a runed translucent door.
  2418 | D:3      | Reached XP level 6. HP: 12/51 MP: 2/8
  2838 | D:4      | Noticed Pargi
  2855 | D:4      | Killed Pargi
  2859 | D:4      | Reached skill level 6 in Crossbows
  3383 | D:3      | Killed Grinder
  3384 | D:3      | Reached XP level 7. HP: 59/59 MP: 9/9
  3690 | D:4      | Found a runed translucent door.
  3695 | D:4      | Noticed Radamante's ghost (amateur MiFi)
  3702 | D:5      | Entered Level 5 of the Dungeon
  4323 | D:6      | Found Inemut's Magic Scroll Shop.
  4335 | D:6      | Reached skill level 7 in Crossbows
  4348 | D:6      | Found Wathrap's Antique Weapon Emporium.
  4389 | D:5      | HP: 3/60 [something (6)]
  4392 | D:5      | Slain by a sky beast

Illustrated notes

Levels and vault maps discovered:
D:1:      lightli_arrival_maybe_door_vault, layout_basic, basic_ecumenical_altar
D:2:      layout_rooms
D:3:      layout_loops_cross, hex_large, uniq_grinder
D:4:      layout_loops_ring, minmay_temple_entry_mini_moons,
          ebering_ghost_sewer_f, uniq_eustachio, uniq_pargi
D:5:      layout_rooms, grunt_gozag_statues, hangedman_glass_teeth
D:6:      layout_basic, minitemple, serial_shops,
          nicolae_shop_temple_entry_statues_fountains, nicolae_diamond_shop,
          shop, shop, nicolae_diamond_shop, serial_bayou_pond_e

Skill      XL: |  1  2  3  4  5  6  7 |
---------------+----------------------+-----
Dodging        | 2 3 4 |  4.5
Fighting       | 2 3 4 |  4.5
Crossbows      | 4 5 6 7 |  7.1
Long Blades    | |  0.1
Stealth        | |  0.8

Action                   |  1- 3 |  4- 6 |  7- 9 || total
-------------------------+-------+-------+-------++-------
Melee: Falchion          |       |       |    22 ||    22
 Fire: Hand crossbow     |   124 |    97 |    70 ||   291
  Use: Potion            |       |     5 |       ||     5
       Scroll            |       |     1 |     2 ||     3
Armor: Leather armour    |    16 |     5 |    10 ||    31
       Skin              |       |    45 |       ||    45
Dodge: Dodged            |    37 |    31 |    30 ||    98

Table legend: (Time is in decaauts)
 A = Elapsed time spent in this place.
 B = Non-inter-level travel time spent in this place.
 C = Inter-level travel time spent in this place.
 D = Time resting spent in this place.
 E = Time spent auto-exploring this place.
 F = Levels seen in this place.
 G = Mean time per level.
                   A        B        C        D        E       F      G
               +--------+--------+--------+--------+--------+-----+--------+
         Total |   4484 |   4274 |    210 |    988 |   2411 |   6 |  747.3 |
       Dungeon |   4484 |   4274 |    210 |    988 |   2411 |   6 |  747.3 |
               +--------+--------+--------+--------+--------+-----+--------+

Top non-repeatable levels by time:
     D:3: 1415 daAuts
     D:4: 1032 daAuts
     D:1: 789 daAuts
     D:5: 646 daAuts
     D:2: 540 daAuts
     D:6: 60 daAuts
